 Dungeon Crawl Stone Soup version 0.20-a0-767-g3afde5b (webtiles) character file.

279 AlphabetPasta the Chopper (level 6, -6/47 HPs)
             Began as a Formicid Warper on Feb 26, 2017.
             Mangled by an ogre
             ... wielding a +0 giant spiked club
              (17 damage)
             ... on level 3 of the Dungeon.
             The game lasted 00:26:31 (5956 turns).

AlphabetPasta the Chopper (Formicid Warper)         Turns: 5956, Time: 00:26:32

Health: -6/47      AC:  3    Str: 16    XL:     6   Next: 52%
Magic:  9/10       EV: 12    Int: 14    God:
Gold:   172        SH:  0    Dex: 10    Spells: 0/11 levels left

rFire    . . .     SeeInvis +   a - +0 hand axe
rCold    . . .     Gourm    .   m - +0 leather armour
rNeg     + . .     Faith    .   (no shield)
rPois    .         Spirit   .   (helmet unavailable)
rElec    .         Reflect  .   (no cloak)
rCorr    .         Harm     .   (no gloves)
MR       .....                  (no boots)
Stlth    +.........             (no amulet)
Regen    0.2/turn               (no ring)
MPRegen  0.2/turn               u - ring of positive energy

@: lethally poisoned (-6 -> -10)
A: permanent stasis, dig shafts and tunnels, four strong arms, antennae 3
a: Dig, Shaft Self


You were on level 3 of the Dungeon.
You were hungry.

You visited 1 branch of the dungeon, and saw 4 of its levels.
You also visited: Sewer.

You collected 172 gold pieces.

Inventory:

Hand Weapons
 a - a +0 hand axe (weapon)
 b - a +0 hunting sling
Missiles
 e - 4 tomahawks of dispersal (quivered)
 g - 157 stones
 j - 61 sling bullets
Armour
 m - a +0 leather armour (worn)
Jewellery
 u - a ring of positive energy (left hand)
Wands
 v - a wand of disintegration (6/24)
 w - a wand of acid (8/15)
Scrolls
 k - 2 scrolls of remove curse
 l - a scroll of enchant armour {unknown}
 o - a scroll of magic mapping {unknown}
Potions
 i - a potion of curing
 p - a potion of agility {unknown}
 q - a potion of flight {unknown}
 r - a potion of magic
 s - a potion of brilliance
 t - a potion of might {unknown}
Books
 c - a book of Spatial Translocations

   Spells                             Type                      Level
   a - Blink                          Translocation                2
   b - Shroud of Golubria             Charms/Translocation         2
   c - Lesser Beckoning               Translocation                3
   d - Gell's Gravitas                Translocation                3
   e - Teleport Other                 Translocation                3
   f - Passage of Golubria            Translocation                4
Comestibles
 d - a fruit
 f - 2 bread rations
 h - 2 royal jellies
 n - a meat ration


   Skills:
 + Level 3.1 Fighting
 * Level 3.3 Axes
 + Level 1.8(2.0) Slings
 - Level 1.0(1.4) Throwing
 + Level 2.0 Armour
 + Level 2.6 Dodging
 + Level 3.1 Spellcasting
 - Level 1.3 Charms
 * Level 3.3 Translocations
 + Level 0.0 Evocations


You couldn't memorise any spells.
You knew the following spells:

 Your Spells              Type           Power        Failure   Level  Hunger
a - Shroud of Golubria    Chrm/Tloc      #.........   17%         2    ##.....
b - Teleport Other        Tloc           ##......     21%         3    ###....
c - Gell's Gravitas       Tloc           ##........   21%         3    ###....
d - Lesser Beckoning      Tloc           ##........   21%         3    ###....


Dungeon Overview and Level Annotations

Branches:
Dungeon (4/15)
 Temple: D:4-7

Altars:

Annotations:
D:4 Pikel


Innate Abilities, Weirdness & Mutations

You cannot be hasted, slowed, berserked, paralysed or teleported.
You can dig through walls and to a lower floor.
Your four strong arms can wield two-handed weapons with a shield.
You have a pair of large antennae on your head. (SInv)


Message History

The scorpion is moderately wounded.
You hit the ogre.
You feel sick.
Your shroud bends the scorpion's attack away!
The ogre hits you with a giant spiked club!
Your shroud falls apart!
Unknown command.
You hit the ogre.
The ogre is heavily wounded.
You hit the scorpion.
You feel sick. The scorpion closely misses you.
You slash the ogre!
The ogre is severely wounded.
You hit the scorpion but do no damage.
You feel sick. The ogre barely misses you. The scorpion stings you!
* * * LOW HITPOINT WARNING * * *
You hit the ogre.
The ogre is severely wounded.
You hit the scorpion but do no damage.
You feel sick. The scorpion closely misses you.
The ogre hits you with a giant spiked club!
You die...

#.# ######.#####.## ..# #...##..#
.############## ######.##.###
.##.....#.....#######.........#..
##.............#......####...##..
#................##...........)..
#...................)............
#..............s##......[######..
#...............@Op......# #..
#...............##.>.....# #..
##.............###......#### ###
##.....#.....## #........[#
############# #...≈P.##.#
#..P≈♣♣P#.# #...≈≈≈.#.#
####≈P#.#.# ####.#.#


You could see an ogre, a slave and a scorpion.

Vanquished Creatures
  An orc wizard (D:3)
  Jessica (D:3)
  4 gnolls (D:2)
  2 river rats (Sewer)
  7 adders
  An adder skeleton (D:4)
  2 worms (D:3)
  A dart slug (D:1)
  3 leopard geckos
  7 orcs
  4 ball pythons
  5 giant cockroaches
  5 goblins
  9 hobgoblins
  8 jackals
  6 kobolds
  5 bats
  12 frilled lizards
  12 rats
95 creatures vanquished.

Notes
Turn   | Place    | Note
-------+----------+-------------------------------------------
     0 | D:1      | AlphabetPasta the Formicid Warper began the quest for the Orb.
     0 | D:1      | Reached XP level 1. HP: 16/16 MP: 3/3
   279 | D:1      | Reached XP level 2. HP: 20/23 MP: 5/5
   283 | D:1      | Learned a level 2 spell: Shroud of Golubria
  1135 | D:2      | Reached XP level 3. HP: 28/28 MP: 6/6
  1255 | D:2      | Learned a level 3 spell: Teleport Other
  1427 | D:2      | Reached XP level 4. HP: 15/34 MP: 5/8
  1432 | D:2      | Learned a level 3 spell: Gell's Gravitas
  1886 | D:2      | HP: 1/34 [gnoll/club (8)]
  2147 | D:2      | Reached skill level 1 in Slings
  2696 | D:2      | Reached XP level 5. HP: 20/40 MP: 1/9
  3103 | D:2      | Reached skill level 1 in Charms
  3143 | D:3      | Found a glowing drain.
  3281 | Sewer    | Entered a sewer
  4281 | D:3      | Learned a level 3 spell: Gell's Gravitas
  4792 | D:3      | Reached XP level 6. HP: 38/47 MP: 6/10
  5305 | D:3      | Noticed Jessica
  5316 | D:3      | Killed Jessica
  5321 | D:3      | Learned a level 3 spell: Lesser Beckoning
  5537 | D:4      | Noticed Pikel
  5537 | D:4      | Noticed a slave
  5537 | D:4      | Noticed a slave
  5539 | D:4      | Noticed an ogre
  5743 | D:4      | Noticed a slave
  5758 | D:4      | Noticed a slave
  5956 | D:3      | Mangled by an ogre

Vault maps used:
D:1:      minmay_arrival_three_doors, minmay_close_crescents
D:3:      portal_sewer_entry_f, grunt_ministairs_15, serial_bayou_pond_d,
          uniq_jessica
D:4:      minmay_temple_entry_mist, uniq_pikel, uniq_natasha
Sewer:    sewer_co_cracked_pipes

Skill      XL: |  1  2  3  4  5  6 |
---------------+-------------------+-----
Dodging        | 2 |  2.6
Slings         | 1 |  1.8
Axes           | 3 |  3.3
Translocations | 3 |  3.3
Charms         | 1 |  1.3
Fighting       | 3 |  3.1
Armour         | 2 |  2.0
Spellcasting   | 3 |  3.1
Throwing       | |  1.0

Action                   |  1- 3 |  4- 6 || total
-------------------------+-------+-------++-------
Melee: Hand axe          |   114 |   355 ||   469
 Fire: Hunting sling     |       |     1 ||     1
Throw: Tomahawk          |       |     1 ||     1
 Cast: Shroud of Golubri |     4 |    26 ||    30
       Teleport Other    |       |     2 ||     2
 Abil: Dig               |       |     1 ||     1
  Use: Scroll            |     2 |     8 ||    10
       Potion            |       |     2 ||     2
  Eat: Chunk             |     2 |    13 ||    15
       Royal jelly       |       |     2 ||     2
       Fruit             |       |     1 ||     1
Armor: Leather armour    |    35 |    90 ||   125
Dodge: Dodged            |    64 |   278 ||   342
